 Dungeon Crawl Stone Soup version 0.22.1-2-g9c5b331 (webtiles) character file.

913 Heatsaber the Skirmisher (level 8, -19/44 HPs)
             Began as a Vine Stalker Wizard on Dec 28, 2018.
             Demolished by an ogre
             ... wielding a +0 giant club
              (27 damage)
             ... on level 5 of the Dungeon.
             The game lasted 00:33:15 (4097 turns).

Heatsaber the Skirmisher (Vine Stalker Wizard)      Turns: 4097, Time: 00:33:16

Health: -19/44     AC:  5    Str: 10    XL:     8   Next: 9%
Magic:  0/16       EV: 12    Int: 19    God:
Gold:   141        SH:  0    Dex: 18    Spells: 5/17 levels left

rFire    . . .     SeeInvis .   F - +2 rapier (protect)
rCold    + . .     Gourm    +   (no shield)
rNeg     + . .     Faith    .   N - +2 robe {rN+}
rPois    .         Spirit   +   b - +0 hat
rElec    .         Reflect  .   L - +0 cloak
rCorr    .         Harm     .   (no gloves)
MR       +....                  (no boots)
Stlth    ++........             G - amulet of the gourmand
HPRegen  0.54/turn              u - +4 ring of dexterity
MPRegen  0.15/turn              x - ring of protection from cold

@: very slightly contaminated
A: fangs 3, regeneration 1, magic shield, antimagic bite, no potion heal 3, rot
immunity
a: no special abilities


You were on level 5 of the Dungeon.
You were not hungry.

You visited 1 branch of the dungeon, and saw 5 of its levels.

You collected 316 gold pieces.
You spent 175 gold pieces at shops.

Inventory:

Hand Weapons
 e - a +0 club
 k - a +0 whip
 m - a +0 hunting sling
 o - a +0 short sword
 t - a +0 trident
 v - a +0 long sword
 w - a +0 spear
 F - a +2 rapier of protection (weapon)
 M - a +1 whip of flaming
Armour
 a - a +0 robe
 b - a +0 hat (worn)
 c - a +0 ring mail
 A - a +0 leather armour
 L - a +0 cloak (worn)
 N - a +2 robe of positive energy (worn)
Magical Staves
 J - an uncursed staff of earth
Jewellery
 q - an uncursed amulet of harm
 u - a +4 ring of dexterity (left hand)
 x - a ring of protection from cold (right hand)
 G - an amulet of the gourmand (around neck)
Wands
 E - a wand of digging (12)
 O - a wand of iceblast (9)
Scrolls
 h - a scroll of blinking {unknown}
 l - 3 scrolls of magic mapping
 n - a scroll of fear
 p - 2 scrolls of immolation
 r - 2 scrolls of teleportation
 y - a scroll of remove curse {unknown}
 C - a scroll of amnesia
 D - a scroll of noise {unknown}
Potions
 f - a potion of mutation
 g - a potion of cancellation
 i - a potion of heal wounds {unknown}
 j - 2 potions of lignification
 s - a potion of berserk rage {unknown}
 z - a potion of haste {unknown}
 B - 2 potions of flight {unknown}
 H - 2 potions of curing {unknown}
 I - 2 potions of resistance {unknown}
 K - a potion of might {unknown}
Comestibles
 d - 8 rations


   Skills:
 + Level 5.4 Fighting
 + Level 4.6 Short Blades
 - Level 1.5 Dodging
 - Level 2.4 Stealth
 - Level 5.0 Spellcasting
 - Level 1.0 Conjurations
 - Level 1.0 Summonings
 - Level 1.0 Translocations


You had 5 spell levels left.
You knew the following spells:

 Your Spells              Type           Power        Failure   Level  Hunger
a - Magic Dart            Conj           #...         9%          1    None
b - Blink                 Tloc           N/A          12%         2    #......
c - Call Imp              Summ           #.......     12%         2    #......
d - Slow                  Hex            #.......     19%         2    #......
e - Conjure Flame         Conj/Fire      #.......     30%         3    ##.....
f - Corpse Rot            Necr           N/A          19%         2    #......

Your spell library contained the following spells:

 Spells                   Type           Power        Failure   Level  Hunger
 Sublimation of Blood     Necr           #.........   19%         2    #......
 Mephitic Cloud           Conj/Pois/Air  #.......     32%         3    ##.....
 Bolt of Draining         Conj/Necr      #.........   95%         5    ######.
 Agony                    Necr           #.......     98%         5    ######.
 Dispel Undead            Necr           #.......     98%         5    ######.
 Excruciating Wounds      Chrm/Necr      #.........   98%         5    ######.


Dungeon Overview and Level Annotations

Branches:
Dungeon (5/15)
 Temple: D:4-7

Altars:
Fedhas
Hepliaklqana
Ru
Yredelemnul

Shops:
D:4 (


Innate Abilities, Weirdness & Mutations

You have razor-sharp teeth.
Your natural rate of healing is unusually fast.
When hurt, damage is shared between your health and your magic reserves.
Your bite disrupts and absorbs the magic of your enemies.
Potions cannot restore your health.
You are immune to rotting.


Message History

Your crimson imp barely misses the centaur.
The centaur misses you.
Unknown command.
Your crimson imp blinks!
The centaur shoots an arrow.
The arrow hits you but does no damage.
You see here an arrow.
The centaur shoots an arrow.
The arrow hits you.
* * * LOW HITPOINT WARNING * * *
You see here an arrow.
The ogre misses you.
Your crimson imp blinks!
You swap places.
Your crimson imp blinks!
Casting: Call Imp (safe; 12% risk of failure)
Confirm with . or Enter, or press ? or * to list all spells.
A beastly little devil appears in a puff of frigid air.
Your white imp completely misses the ogre.
The ogre hits you with a giant club!!
Ouch! That really hurt!
You die...

##.## #....#..# ##.##
##..## ..# ##.## #...#
>##..## ##.###.....##
......###(
##....###..###..........
##...## #..............
#....## #..............
####..####.5............
#..##.cO@.(........#
#p.....####.......#
#.###..## ##(....## ##
#..#####.....##
##...c.(ยง....#
#######.$....# ##..##.#
#.## #.. #.# #..#


You could see an ogre, a centaur, a neutral freed slave (wandering) and a
friendly white imp.

Vanquished Creatures
  Grinder (D:5)
  Sigmund (D:4)
  A slave (D:5)
  3 adders
  2 worms (D:4)
  3 leopard geckos
  2 orcs
  A ball python (D:2)
  5 bats
  2 giant cockroaches (D:1)
  12 goblins
  9 hobgoblins
  2 jackals (D:3)
  2 kobolds (D:1)
  4 frilled lizards
  6 rats
56 creatures vanquished.

Vanquished Creatures (collateral kills)
  Pikel (D:5)
  A slave (D:5)
  An iguana (D:3)
  3 gnolls (D:2)
  An adder (D:4)
  A worm (D:4)
  3 orcs
  3 goblins
  2 hobgoblins
  5 jackals
  A bat (D:3)
22 creatures vanquished.

Grand Total: 78 creatures vanquished

Notes
Turn   | Place    | Note
-------+----------+-------------------------------------------
     0 | D:1      | Heatsaber the Vine Stalker Wizard began the quest for the
                  | Orb.
     0 | D:1      | Reached XP level 1. HP: 9/9 MP: 5/5
    98 | D:1      | Reached skill level 1 in Fighting
   199 | D:1      | Reached XP level 2. HP: 14/14 MP: 0/7
   203 | D:1      | Learned a level 2 spell: Blink
   206 | D:1      | Learned a level 2 spell: Call Imp
   209 | D:1      | Learned a level 2 spell: Slow
  1025 | D:2      | Reached XP level 3. HP: 16/18 MP: 6/8
  1820 | D:2      | Gained mutation: Your natural rate of healing is unusually
                  | fast. [Vine Stalker growth]
  1820 | D:2      | Reached XP level 4. HP: 15/23 MP: 0/10
  1825 | D:2      | Learned a level 3 spell: Conjure Flame
  2078 | D:2      | Found a faded altar of an unknown god.
  2175 | D:3      | Reached skill level 1 in Short Blades
  3068 | D:4      | Reached XP level 5. HP: 28/28 MP: 2/11
  3179 | D:4      | Found a blossoming altar of Fedhas.
  3202 | D:4      | Noticed a phantom
  3490 | D:4      | Found Icoudy's Antique Weapon Emporium.
  3498 | D:4      | Bought a glowing rapier for 175 gold pieces
  3523 | D:4      | Found a sacrificial altar of Ru.
  3528 | D:4      | Found a basalt altar of Yredelemnul.
  3533 | D:4      | Found a hazy altar of Hepliaklqana.
  3608 | D:5      | Entered Level 5 of the Dungeon
  3696 | D:5      | Noticed Sigmund
  3784 | D:4      | Killed Sigmund
  3784 | D:4      | Reached XP level 6. HP: 14/33 MP: 7/13
  3842 | D:5      | Noticed Grinder
  3863 | D:5      | Killed Grinder
  3863 | D:5      | Reached skill level 5 in Spellcasting
  3863 | D:5      | Reached XP level 7. HP: 19/37 MP: 7/15
  3869 | D:5      | Learned a level 2 spell: Corpse Rot
  3908 | D:5      | Noticed Pikel
  4005 | D:5      | Killed Pikel
  4005 | D:5      | Reached skill level 5 in Fighting
  4005 | D:5      | Gained mutation: You have razor-sharp teeth. [Vine Stalker
                  | growth]
  4005 | D:5      | Reached XP level 8. HP: 19/44 MP: 4/16
  4097 | D:5      | Demolished by an ogre

Skill      XL: |  1  2  3  4  5  6  7 |
---------------+----------------------+-----
Fighting       | 1 2 3 4 5 |  5.4
Short Blades   | 1 2 3 4 |  4.6
Spellcasting   | 4 5 |  5.0
Dodging        | |  1.5
Stealth        | |  2.4
Conjurations   | |  1.0
Summonings     | |  1.0
Translocations | |  1.0

Action                   |  1- 3 |  4- 6 |  7- 9 || total
-------------------------+-------+-------+-------++-------
Melee: Unarmed           |    10 |       |       ||    10
       Bite              |    20 |    14 |    16 ||    50
       Club              |    40 |       |       ||    40
       Short sword       |    59 |    11 |       ||    70
       Trident           |       |    54 |       ||    54
       Spear             |       |    11 |       ||    11
       Rapier            |       |    26 |    52 ||    78
 Cast: Magic Dart        |    29 |    22 |       ||    51
       Call Imp          |     7 |    21 |     7 ||    35
       Blink             |     1 |       |       ||     1
       Conjure Flame     |       |     1 |       ||     1
       Slow              |       |     1 |       ||     1
  Use: Scroll            |     2 |     6 |       ||     8
 Stab: Sleeping          |     1 |     3 |       ||     4
       Distracted        |       |     1 |       ||     1
  Eat: Chunk             |     4 |    14 |       ||    18
Armor: Ring mail         |    50 |    14 |       ||    64
       Leather armour    |       |    10 |    20 ||    30
       Robe              |       |       |     2 ||     2
Dodge: Dodged            |    57 |    45 |    28 ||   130
